[Event "SixDays Budapest GM-C 09-2024"]
[Site "Budapest"]
[Date "2024.09.27"]
[Round "1"]
[White "Aczel, Gergely"]
[Black "Susilodinata, Andrean"]
[Result "1-0"]
[ECO "D12"]
[WhiteElo "2460"]
[BlackElo "2393"]
[Annotator "ChessBase"]
[PlyCount "96"]
[EventDate "2024.09.24"]
[EventType "tourn"]
[EventCountry "HUN"]
[SourceTitle "playchess.com"]
[Source "ChessBase"]
[SourceQuality "1"]
[TimeControl "5400+30"]

1. d4 d5 2. c4 c6 3. Nf3 Nf6 4. e3 Bf5 5. Nc3 e6 6. Nh4 Be4 7. f3 Bg6 8. Qb3 Qc7 9. Bd2 Be7 10. cxd5 Nxd5 11. Nxg6 hxg6 12. O-O-O Nxc3 13. Bxc3 a5 14. g3 b5 15. Bd2 a4 16. Qd3 a3 17. b3 Na6 18. Kb1 Nb4 19. Bxb4 Bxb4 20. Rc1 Rc8 21. Qe4 Qb6 22. d5 Bd2 23. Rc2 Bxe3 24. dxe6 f5 25. Qe5 Qd4 26. Qxd4 Bxd4 27. Bxb5 Ke7 28. Bxc6 Kxe6 29. Rd1 Rcd8 30. Rcd2 Bb6 31. Bd7+ Kf7 32. b4 Rb8 33. Kc2 Be3 34. Re2 f4 35. gxf4 Bxf4 36. Kb3 Rb6 37. Rd4 Bc1 38. b5 Rh5 39. Bc6 Rc5 40. Rc4 Rcxb5+ 41. Bxb5 Rxb5+ 42. Ka4 Rb2 43. Rxb2 Bxb2 44. Kb3 Ke6 45. Rc2 Kd5 46. Rxb2 axb2 47. Kxb2 Kd4 48. Kb3 Kd5 1-0

[Event "SixDays Budapest GM-C 09-2024"]
[Site "Budapest"]
[Date "2024.09.27"]
[Round "1"]
[White "Mayank Chakraborty"]
[Black "Sardana, Rishi"]
[Result "1-0"]
[ECO "C20"]
[WhiteElo "2431"]
[BlackElo "2477"]
[Annotator "ChessBase"]
[PlyCount "107"]
[EventDate "2024.09.24"]
[EventType "tourn"]
[EventCountry "HUN"]
[SourceTitle "playchess.com"]
[Source "ChessBase"]
[SourceQuality "1"]
[TimeControl "5400+30"]

1. e4 e5 2. Ne2 Nf6 3. d4 exd4 4. e5 Ne4 5. Qxd4 Nc5 6. Qe3 Be7 7. Qg3 Ne6 8. Nbc3 d6 9. Nf4 O-O 10. Nxe6 fxe6 11. Bh6 Rf7 12. O-O-O d5 13. h4 c5 14. Bg5 Nc6 15. Kb1 Nd4 16. Ne2 Nf5 17. Qh2 Bxg5 18. hxg5 g6 19. g4 Ne7 20. f4 Qf8 21. Bg2 b5 22. f5 gxf5 23. Nf4 Qg7 24. Nh5 Qxg5 25. Nf6+ Kf8 26. Nxh7+ Rxh7 27. Qxh7 Qg7 28. gxf5 Nxf5 29. Qh3 Qxe5 30. Qa3 b4 31. Qa5 Qd6 32. Rh8+ Kg7 33. Rdh1 Kf6 34. Bh3 Ng3 35. Rg1 Ne4 36. Bxe6 Bxe6 37. Rxa8 Qb6 38. Rxa7 Qxa5 39. Rxa5 Ke5 40. Re1 Kd4 41. Kc1 Bf5 42. Rd1+ Ke5 43. a3 bxa3 44. Rxa3 Be6 45. Ra5 Bf7 46. b3 Be6 47. Kb2 Bf7 48. Rf1 Be6 49. Rf8 Bh3 50. Rd8 Bf5 51. b4 Nd6 52. Rxc5 Be6 53. Rxd6 Kxd6 54. Kc3 1-0

[Event "SixDays Budapest GM-C 09-2024"]
[Site "Budapest"]
[Date "2024.09.27"]
[Round "1"]
[White "Gatineau, Yovann"]
[Black "Gretarsson, Helgi Ass"]
[Result "1/2-1/2"]
[ECO "D10"]
[WhiteElo "2400"]
[BlackElo "2450"]
[Annotator "ChessBase"]
[PlyCount "35"]
[EventDate "2024.09.24"]
[EventType "tourn"]
[EventCountry "HUN"]
[SourceTitle "playchess.com"]
[Source "ChessBase"]
[SourceQuality "1"]
[TimeControl "5400+30"]

1. d4 d5 2. c4 c6 3. cxd5 cxd5 4. Bf4 Nc6 5. e3 Nf6 6. Nc3 a6 7. Qb3 Na5 8. Qc2 Bg4 9. Bd3 e6 10. Nge2 Bh5 11. Rc1 Rc8 12. Bg5 Be7 13. Nf4 Bg6 14. Nxg6 hxg6 15. h3 b5 16. O-O O-O 17. Qe2 Qd7 18. Rc2 1/2-1/2

[Event "SixDays Budapest GM-C 09-2024"]
[Site "Budapest"]
[Date "2024.09.27"]
[Round "1"]
[White "Zia, Tahsin Tajwar"]
[Black "Palczert, Matyas"]
[Result "1/2-1/2"]
[ECO "E49"]
[WhiteElo "2255"]
[BlackElo "2345"]
[Annotator "ChessBase"]
[PlyCount "134"]
[EventDate "2024.09.24"]
[EventType "tourn"]
[EventCountry "HUN"]
[SourceTitle "playchess.com"]
[Source "ChessBase"]
[SourceQuality "1"]
[TimeControl "5400+30"]

1. d4 Nf6 2. c4 e6 3. Nc3 Bb4 4. e3 O-O 5. Bd3 d5 6. a3 Bxc3+ 7. bxc3 dxc4 8. Bxc4 c5 9. Ne2 Qc7 10. Bd3 b6 11. O-O Bb7 12. Ng3 Rd8 13. f4 Ba6 14. Bxa6 Nxa6 15. Qe2 Nb8 16. Bb2 Nc6 17. Rac1 Qe7 18. Rcd1 Rac8 19. e4 Na5 20. e5 Nd5 21. c4 Nxc4 22. Qxc4 Ne3 23. Qd3 cxd4 24. Bxd4 Nxf1 25. Ne4 Nd2 26. Nxd2 Qc7 27. Ne4 Qc4 28. Nd6 Qxd3 29. Rxd3 Rc2 30. g3 Rd7 31. Bf2 h6 32. Kg2 Rdc7 33. Nb5 R7c5 34. a4 R5c4 35. Ra3 Rb4 36. Nxa7 Rbb2 37. Rf3 Ra2 38. Nb5 Rxa4 39. Nd6 Raa2 40. g4 Rab2 41. f5 b5 42. f6 b4 43. fxg7 b3 44. Ne4 Re2 45. Nc3 Rxe5 46. Kg3 Rd2 47. Nb1 Rd8 48. Rxb3 Red5 49. Re3 Rd3 50. Kf3 Kxg7 51. Nc3 f5 52. gxf5 exf5 53. Ne2 Rxe3+ 54. Bxe3 Re8 55. Ng3 Kg6 56. h4 h5 57. Ne2 Re4 58. Bg5 Rg4 59. Nf4+ Kf7 60. Nxh5 Ke6 61. Nf4+ Kf7 62. Ke3 Rg1 63. Ne2 Rg4 64. Kf3 Kg6 65. Nf4+ Kf7 66. Kf2 Kg7 67. Kf3 Kf7 1/2-1/2

[Event "SixDays Budapest GM-C 09-2024"]
[Site "Budapest"]
[Date "2024.09.27"]
[Round "1"]
[White "Grebennikov, Nikolai A."]
[Black "Grover, Sahaj"]
[Result "1-0"]
[ECO "D31"]
[WhiteElo "2220"]
[BlackElo "2496"]
[Annotator "ChessBase"]
[PlyCount "73"]
[EventDate "2024.09.24"]
[EventType "tourn"]
[EventCountry "HUN"]
[SourceTitle "playchess.com"]
[Source "ChessBase"]
[SourceQuality "1"]
[TimeControl "5400+30"]

1. d4 d5 2. c4 e6 3. Nc3 Bb4 4. e3 Nf6 5. Nge2 O-O 6. a3 Be7 7. Ng3 b6 8. cxd5 exd5 9. b4 c5 10. b5 a6 11. a4 h5 12. Nxh5 Ne4 13. Bb2 g6 14. Nxe4 dxe4 15. Bc4 cxd4 16. Nf4 Bf6 17. Nd5 Be5 18. h4 Be6 19. Qb3 axb5 20. axb5 Rxa1+ 21. Bxa1 Bxd5 22. Bxd5 Qf6 23. Bxd4 Bxd4 24. exd4 Qxd4 25. O-O Nd7 26. Rd1 Qf6 27. Bxe4 Nc5 28. Qd5 Re8 29. Bb1 Re2 30. Rf1 Kg7 31. g3 Qb2 32. h5 Re5 33. h6+ Kxh6 34. Qxf7 Rg5 35. Kg2 Qg7 36. Rh1+ Rh5 37. Qf4+ 1-0

[Event "SixDays Budapest GM-C 09-2024"]
[Site "Budapest"]
[Date "2024.09.24"]
[Round "1.1"]
[White "Zia, Tahsin Tajwar"]
[Black "Aczel, Gergely"]
[Result "1/2-1/2"]
[ECO "E01"]
[WhiteElo "2255"]
[BlackElo "2460"]
[Annotator "RC"]
[PlyCount "91"]
[EventDate "2024.09.24"]
[EventType "tourn"]
[EventCountry "HUN"]
[SourceTitle "playchess.com"]
[Source "ChessBase"]
[SourceQuality "1"]
[TimeControl "5400+30"]

1. d4 Nf6 2. c4 e6 3. g3 d5 4. Bg2 Bb4+ 5. Bd2 a5 6. Nf3 O-O 7. Qc1 c6 8. O-O Nbd7 9. Rd1 b6 10. Bxb4 axb4 11. cxd5 cxd5 12. Ne5 Qe7 13. Qc7 Re8 14. Nd2 Ba6 15. Nxd7 Nxd7 16. e4 Rac8 17. Qa7 Ra8 18. Qc7 dxe4 19. Bxe4 Rac8 20. Qa7 Bb5 21. a4 bxa3 22. Qxa3 Nf6 23. Bf3 h6 24. Qb3 Qd7 25. Ne4 Nd5 26. Nc3 Bc4 27. Qa3 Red8 28. Kg2 b5 29. Ne4 b4 30. Qa7 Ne7 31. Rdc1 Qxa7 32. Rxa7 Nf5 33. Rb7 b3 34. Nd2 Bd5 35. Rxc8 Rxc8 36. Bxd5 exd5 37. Rxb3 Rc2 38. Nf3 g5 39. h3 Nd6 40. Ne1 Rd2 41. Nf3 Re2 42. Kf1 Rc2 43. Ne1 Rd2 44. Nf3 Rc2 45. Ne1 Rd2 46. Nf3 1/2-1/2

[Event "SixDays Budapest GM-C 09-2024"]
[Site "Budapest"]
[Date "2024.09.24"]
[Round "1.2"]
[White "Grebennikov, Nikolai A."]
[Black "Mayank Chakraborty"]
[Result "0-1"]
[ECO "D30"]
[WhiteElo "2220"]
[BlackElo "2431"]
[Annotator "RC"]
[PlyCount "82"]
[EventDate "2024.09.24"]
[EventType "tourn"]
[EventCountry "HUN"]
[SourceTitle "playchess.com"]
[Source "ChessBase"]
[SourceQuality "1"]
[TimeControl "5400+30"]

1. d4 Nf6 2. c4 e6 3. Nf3 d5 4. Bg5 h6 5. Bh4 Bb4+ 6. Nc3 dxc4 7. Qa4+ Nc6 8. a3 Bxc3+ 9. bxc3 Qd5 10. Nd2 b5 11. Qc2 Bb7 12. e4 Qd7 13. a4 b4 14. Bxf6 gxf6 15. Bxc4 bxc3 16. Nb3 Nxd4 17. Qxc3 Nxb3 18. Qxb3 Bxe4 19. O-O Rg8 20. f3 Bd5 21. Rad1 c6 22. Rfe1 Kf8 23. Qe3 Rg6 24. Bd3 f5 25. a5 Qd8 26. a6 Qb6 27. Rb1 Qxe3+ 28. Rxe3 Rg8 29. Kf2 Kg7 30. Re2 Rgb8 31. Reb2 Rxb2+ 32. Rxb2 c5 33. Ke3 Rc8 34. g4 c4 35. Rc2 Rc6 36. Bf1 fxg4 37. fxg4 Rxa6 38. Bxc4 Ra3+ 39. Bd3 e5 40. Ke2 Be6 41. h3 h5 0-1

[Event "SixDays Budapest GM-C 09-2024"]
[Site "Budapest"]
[Date "2024.09.24"]
[Round "1.3"]
[White "Gatineau, Yovann"]
[Black "Susilodinata, Andrean"]
[Result "1-0"]
[ECO "D37"]
[WhiteElo "2400"]
[BlackElo "2393"]
[Annotator "TA"]
[PlyCount "83"]
[EventDate "2024.09.24"]
[EventType "tourn"]
[EventCountry "HUN"]
[SourceTitle "playchess.com"]
[Source "ChessBase"]
[SourceQuality "1"]
[TimeControl "5400+30"]

1. d4 d5 2. c4 e6 3. Nf3 Nf6 4. Nc3 Be7 5. g3 dxc4 6. Bg2 O-O 7. Ne5 c5 8. dxc5 Qxd1+ 9. Nxd1 Bxc5 10. Ne3 {[%emt 0:07:05] Prevents Nd5} Nc6 11. Bxc6 {[%emt 0:18:43] White is slightly better.} (11. N5xc4 Bd7 $15) 11... bxc6 12. N3xc4 Ne4 (12... Ba6 $11 {remains equal.}) 13. f3 $16 Nf6 14. Be3 $1 (14. Nxc6 Nd5 $14) 14... Bb4+ 15. Kf2 {[%emt 0:03:27] White has more active pieces. The black rooks are passive.} Nd5 16. Nxc6 Nxe3 17. Nxe3 {[%emt 0:00:23] A dynamic duo of knights.} Bc5 18. Rhc1 Bb6 19. b4 Bb7 20. a4 $1 $36 {[%emt 0:01:09][%mdl 2048] White has strong initiative.} Bxc6 21. Rxc6 e5 22. Ra3 Rfd8 (22... Rac8 $16 {might work better.} 23. Rxc8 Rxc8) 23. Ke1 $18 h5 24. h4 Rac8 (24... e4 {was necessary.} 25. Nc4 (25. fxe4 Bxe3 26. Rxe3 Rd4 $16) 25... Bd4 26. fxe4 Rac8) 25. Rxc8 Rxc8 {[%emt 0:00:01][%mdl 4096] Endgame. KRB-KRN} 26. Nd5 Bd8 {[%emt 0:00:48] Dodges Ne7+} 27. Kd2 f6 28. Rc3 Rb8 29. Kd3 f5 30. Rc6 Kf7 31. b5 Rb7 32. e4 Rd7 (32... fxe4+ {is a better defense.} 33. Kxe4 Ba5) 33. Kc4 fxe4 34. fxe4 Ba5 35. Rc8 Be1 (35... Bb6 $142 36. Rh8 Bf2 37. Rxh5 (37. a5 Kg6 $18) 37... Bxg3) 36. Kc5 {[%emt 0:01:02] aiming for Kc6.} Kg6 37. Kc6 Rf7 38. Rc7 Bxg3 39. Rxf7 (39. Ne7+ Kh7 $18) 39... Kxf7 {[%emt 0:00:01] [#]} 40. a5 $1 {[%emt 0:00:12][%cal Ba4a5,Ba5a6][%mdl 32] White mates.} ({Inferior is} 40. Kb7 g5 41. Kxa7 (41. hxg5 h4 $11) 41... Bf2+ 42. b6 gxh4 $11) 40... g5 41. b6 axb6 {[%emt 0:00:08] [#]} 42. a6 $1 {[%emt 0:00:10] Black did not feel at home in the position after the opening.   Weighted Error Value: White=0.04 (flawless) /Black=0.27 (precise) .  Mistake:       	---       	Black=5      Inaccurate:     	---       	Black=3      OK:         	White=13    	Black=9      Best:        	White=2     	---        Strong:       	White=2     	---} 1-0

[Event "SixDays Budapest GM-C 09-2024"]
[Site "Budapest"]
[Date "2024.09.24"]
[Round "1.4"]
[White "Gretarsson, Helgi Ass"]
[Black "Sardana, Rishi"]
[Result "1-0"]
[ECO "D37"]
[WhiteElo "2450"]
[BlackElo "2477"]
[Annotator "TA"]
[PlyCount "91"]
[EventDate "2024.09.24"]
[EventType "tourn"]
[EventCountry "HUN"]
[SourceTitle "playchess.com"]
[Source "ChessBase"]
[SourceQuality "1"]
[TimeControl "5400+30"]

1. d4 Nf6 2. c4 e6 3. Nf3 d5 4. Nc3 Nbd7 5. Bf4 Bb4 6. cxd5 {[%emt 0:00:18] D37: Queen's Gambit Declined: 5 Bf4.} Nxd5 7. Bd2 N5f6 8. Qc2 c5 9. a3 $146 ({Predecessor:} 9. e3 cxd4 10. Nxd4 O-O 11. Be2 Ne5 12. O-O Bd7 13. Rad1 Rc8 14. Qb3 Qe7 15. a3 Bxc3 16. Bxc3 {1-0 Haydon,D (2230)-Michalczak,T (2231) Titled Tuesday intern op 11th Jul Late blitz 2023 (7)}) 9... Bxc3 $1 10. Bxc3 b6 11. dxc5 bxc5 12. e4 Bb7 13. Nd2 O-O 14. Be2 Qc7 15. O-O Ne5 16. Rad1 Rfd8 17. f3 Rac8 (17... Nfd7 $1 $14) 18. Nb3 $16 Rxd1 19. Rxd1 (19. Bxd1 $6 Ba6 20. Be2 Bxe2 21. Qxe2 c4 $11) 19... c4 (19... h6 $142) 20. Bxe5 $1 $16 Qxe5 {[%emt 0:00:08] [#]} 21. Qxc4 $1 ({Of course not} 21. Bxc4 $6 h5 22. Qe2 h4 $11) 21... h5 ({Not} 21... Qxb2 22. Qxc8+ Bxc8 23. Rd8+) 22. Qb5 Qxb2 $2 (22... Qc7 $16 {was worth a try.} 23. Rc1 Qb8 24. Rxc8+ Qxc8) 23. Qxb7 $18 Rc3 24. Qa8+ Kh7 {[%emt 0:00:04] [#]} 25. Nd2 $1 Rc1 26. Rxc1 Qxc1+ 27. Nf1 Qc5+ 28. Kh1 Qf2 29. Bd3 Qd4 30. Bb5 h4 31. Qc6 h3 32. gxh3 Qf2 33. Qc3 Nh5 34. Qe3 Qb2 35. a4 e5 36. Ng3 Nf4 37. Bf1 (37. Qxa7 $2 Qg2#) 37... a5 38. Ne2 Ne6 39. Qc3 Qb1 40. Kg2 f6 41. Qxa5 Qc2 42. Kg1 Ng5 43. Kf2 Qb3 44. Bg2 Qa2 45. h4 Ne6 46. Qd5 1-0

[Event "SixDays Budapest GM-C 09-2024"]
[Site "Budapest"]
[Date "2024.09.24"]
[Round "1.5"]
[White "Grover, Sahaj"]
[Black "Palczert, Matyas"]
[Result "1-0"]
[ECO "C77"]
[WhiteElo "2496"]
[BlackElo "2345"]
[Annotator "TA"]
[PlyCount "79"]
[EventDate "2024.09.24"]
[EventType "tourn"]
[EventCountry "HUN"]
[SourceTitle "playchess.com"]
[Source "ChessBase"]
[SourceQuality "1"]
[TimeControl "5400+30"]

1. e4 e5 2. Nf3 Nc6 3. Bb5 a6 4. Ba4 Nf6 5. d3 b5 6. Bb3 Bc5 7. c3 d6 8. Nbd2 O-O 9. Nf1 Ne7 10. Ng3 {[%emt 0:05:09] The position is equal.} Ng6 11. a4 Bb7 12. O-O Bb6 13. Re1 Re8 14. d4 h6 15. Bc2 d5 16. Nxe5 Nxe5 17. dxe5 Nxe4 18. Nxe4 (18. Be3 $5) 18... dxe4 19. Qh5 (19. a5 {simplifies} Qxd1 20. Rxd1 Bc5 21. Rd7) 19... g6 (19... e3 {is more complex.} 20. Bxe3 Qd5 21. Qg4 Qxe5 22. axb5 Bxe3 23. Rxe3 Qxb5 24. Bd3 Qb6) 20. Qxh6 Rxe5 {[%emt 0:00:57] [#] aiming for ...Rh5.} 21. Be3 Bxe3 22. fxe3 Qg5 (22... Rh5 $5 23. Qf4 $8 Qe7 $15) 23. Qxg5 Rxg5 24. Red1 Rd5 25. Bb3 (25. Bxe4 $2 {perishes.} Rxd1+ 26. Rxd1 Bxe4 $19) 25... Rxd1+ (25... Rd3 $11) 26. Rxd1 $11 {[%emt 0:00:08][%mdl 4096] [#] Endgame. And now axb5 would win. KRB-KRB} Bc6 27. axb5 axb5 28. h4 Kg7 29. Kf2 Be8 30. Kg3 f5 31. Kf4 c5 32. Be6 {[%emt 0:00:50] White is more active.} Kf6 (32... Kf8 $16) 33. Rd6 $18 {[%emt 0:00:15] Hoping for Bd5+.} Ke7 34. Ke5 (34. Rb6 $18) 34... Ra7 (34... f4 $16 {was worth a try.}) 35. Bd5 (35. Rb6 $18) 35... c4 (35... Bf7 $16 {was called for.}) 36. Rb6 Kd7 $2 (36... Kf8 37. Rb8 Re7+ 38. Kf4 (38. Kf6 f4 $15) 38... Kg7) 37. Rxb5 {[%emt 0:04:06] White is clearly winning.} Kc7 38. Rb4 Ra5 {[%emt 0:00:08] ...Bc6 would now be deadly.} 39. Rxc4+ Kd7 40. Rb4 {[%emt 0:00:11] Weighted Error Value: White=0.09 (flawless) /Black=0.31.  Mistake:       	White=2     	Black=5      Inaccurate:     	White=1     	Black=4      OK:         	White=13    	Black=8      Best:        	White=2     	---} 1-0

[Event "SixDays Budapest GM-C 09-2024"]
[Site "Budapest"]
[Date "2024.09.25"]
[Round "2.1"]
[White "Aczel, Gergely"]
[Black "Palczert, Matyas"]
[Result "1-0"]
[ECO "A15"]
[WhiteElo "2460"]
[BlackElo "2345"]
[Annotator "TA"]
[PlyCount "53"]
[EventDate "2024.09.24"]
[EventType "tourn"]
[EventCountry "HUN"]
[SourceTitle "playchess.com"]
[Source "ChessBase"]
[SourceQuality "1"]
[TimeControl "5400+30"]

1. c4 Nf6 2. a3 e6 3. Nc3 d5 4. d4 h6 5. Nf3 Be7 6. Bf4 O-O 7. e3 dxc4 8. Bxc4 {[%emt 0:00:14] White is slightly better.} a6 9. Qc2 b5 10. Bd3 Bb7 11. Ne4 Nd5 12. Bg3 Nd7 13. O-O {[%emt 0:00:13] White is more active.} f5 14. Nc5 Nxc5 15. dxc5 c6 (15... Bc6 $16 16. Rad1 b4) 16. e4 $18 f4 (16... fxe4 $142 17. Bxe4 Bc8) 17. exd5 Qxd5 {[%emt 0:00:59] [#]} (17... fxg3 18. d6 (18. fxg3 Qxd5 19. b4 Kh8 $18) (18. dxe6 gxh2+ 19. Nxh2 Qd4 $18) (18. hxg3 exd5 19. Ne5 Bf6 $18) 18... gxh2+ 19. Nxh2 Bg5) 18. Rad1 $1 {[%emt 0:00:33] And now Bh7+ would win.} Qxc5 {[%emt 0:02:02] [#]} (18... Kh8 19. Nh4) 19. Qe2 Bc8 {[%emt 0:02:05] [#]} (19... Qd5 20. Bh7+) 20. Qe4 $1 {[%emt 0:05:08] White wants to mate with Qh7+.} fxg3 (20... Rf5 21. Bxf4) 21. Qh7+ Kf7 22. Qg6+ ({Weaker is} 22. hxg3 Bf6 23. b4 Qc3 24. Bg6+ Ke7 $18) (22. Bg6+ $142 Kf6 23. Nd2 (23. hxg3 Rh8 $18) 23... gxf2+ 24. Rxf2+ Qxf2+ 25. Kxf2) 22... Kg8 23. Qh7+ $40 {[%emt 0:00:07][%mdl 128] White has some attack.} ({Less strong is} 23. Qxg3 Bf6 $14) (23. b4 $142 gxh2+ 24. Kh1) 23... Kf7 24. Bg6+ ({Not} 24. hxg3 Bf6 25. b4 Qb6 $18) 24... Kf6 25. Nd2 {[%emt 0:00:26] White threatens Ne4+ and mate.} gxf2+ 26. Kh1 Ke5 {[%emt 0:02:02] Inhibits Ne4.} 27. Ne4 {[%emt 0:01:16] Weighted Error Value: White=0.65/Black=0.75.  Mistake:       	---       	Black=3      Inaccurate:     	---       	Black=3      OK:         	White=8     	Black=2      Best:        	White=1     	---} 1-0

[Event "SixDays Budapest GM-C 09-2024"]
[Site "Budapest"]
[Date "2024.09.25"]
[Round "2.2"]
[White "Sardana, Rishi"]
[Black "Grover, Sahaj"]
[Result "1-0"]
[ECO "C55"]
[WhiteElo "2477"]
[BlackElo "2496"]
[Annotator "RC"]
[PlyCount "65"]
[EventDate "2024.09.24"]
[EventType "tourn"]
[EventCountry "HUN"]
[SourceTitle "playchess.com"]
[Source "ChessBase"]
[SourceQuality "1"]
[TimeControl "5400+30"]

1. e4 e5 2. Nf3 Nc6 3. Bc4 Nf6 4. d3 h6 5. O-O d6 6. c3 g6 7. d4 Qe7 8. Re1 Bg7 9. h3 O-O 10. a4 Kh7 11. Nbd2 Nd7 12. Nf1 f5 13. exf5 gxf5 14. Ng3 Nf6 15. Nh4 d5 16. Nhxf5 Bxf5 17. Nxf5 Qd7 18. Nxg7 dxc4 19. dxe5 Nxe5 20. Qxd7 Nfxd7 21. Nh5 Rae8 22. Be3 Nd3 23. Red1 N7c5 24. Bxc5 Nxc5 25. Rd4 Re2 26. Nf4 Rxb2 27. Rxc4 b6 28. a5 Rf7 29. g3 Rd7 30. axb6 cxb6 31. Rd4 Rf7 32. Re1 Rc2 33. Rd8 1-0

[Event "SixDays Budapest GM-C 09-2024"]
[Site "Budapest"]
[Date "2024.09.25"]
[Round "2.3"]
[White "Susilodinata, Andrean"]
[Black "Gretarsson, Helgi Ass"]
[Result "0-1"]
[ECO "B06"]
[WhiteElo "2393"]
[BlackElo "2450"]
[Annotator "TA"]
[PlyCount "82"]
[EventDate "2024.09.24"]
[EventType "tourn"]
[EventCountry "HUN"]
[SourceTitle "playchess.com"]
[Source "ChessBase"]
[SourceQuality "1"]
[TimeControl "5400+30"]

1. d4 g6 2. e4 Bg7 3. Nc3 d6 4. Be3 a6 5. h4 h6 6. Qd2 b5 7. f3 Bb7 8. a4 {[%emt 0:11:19] White is slightly better.} b4 9. Nd1 a5 10. c3 bxc3 11. Nxc3 Nd7 12. Rc1 Ngf6 13. d5 c5 14. dxc6 Bxc6 15. Nb5 Bxb5 16. Bxb5 h5 17. Ne2 {[%emt 0:04:43][%cal Bg1e2,Be2d4,Bd4c6][%mdl 32] Strongly threatening Nd4.} O-O 18. Nd4 Ne5 {[%emt 0:04:12] Black is weak on the light squares} 19. O-O Kh7 20. Rfd1 Ng8 21. f4 Ng4 22. Nc6 Qc7 {[%emt 0:02:23] [#]} 23. Ne5 $1 Qd8 (23... Qxc1 24. Rxc1) 24. Nd7 {[%emt 0:02:08] Threatens to win with Bb6.} e5 {[%emt 0:09:30][%cal Od8h4] aiming for ...Qxh4!} 25. Nxf8+ Bxf8 26. g3 (26. fxe5 Qxh4 27. exd6 Rd8) (26. Be2 $14 {was preferrable.} N8h6 27. Bxg4 Nxg4 28. g3) 26... N8f6 $11 27. Re1 d5 28. Qe2 (28. fxe5 $11 {keeps the balance.} Nxe4 (28... Bb4 29. Qd4 $11) 29. Qd4) 28... Nxe4 $17 {[%emt 0:01:37] A dynamic duo of knights.} (28... dxe4 $6 29. Red1 Qb8 30. fxe5 $14) (28... exf4 29. Bxf4 Nxe4 30. Rc7 $11) 29. Kg2 (29. fxe5 $2 Nxg3 30. Qg2 Nf5 $19 (30... Qxh4 $2 31. Bd4 $19)) (29. Qf3 $17) 29... Bh6 {[%emt 0:02:30][%cal Oe4g3] ...Nxg3! would now be deadly.} 30. Bd3 $2 {[%emt 0:03:50] [#]} (30. Rf1 $17) 30... Nxg3 $1 31. Kxg3 Nxe3 32. fxe5 Ng4 $2 (32... Qe8 $19 33. Qxh5 Kg7) 33. Qf3 $15 Qe7 $36 {[%emt 0:00:55][%mdl 2048] Black fights for an advantage.} 34. Rc6 Bg7 {[%emt 0:00:29] Chess con chili.} 35. Qxd5 (35. e6 $1 $11 f5 (35... Bxb2 $2 36. Qxf7+ Qxf7 37. exf7 $18) 36. Qf4 (36. Qxd5 $2 Rd8 $19)) 35... Rd8 (35... Nxe5 36. Bxg6+ (36. Rxg6 fxg6 37. Bxg6+ Kxg6 $11) 36... fxg6 37. Re6 $19) 36. Qe4 (36. Bxg6+ $19 fxg6 37. Qe6 Rd3+ (37... Bxe5+ 38. Rxe5 Rd3+ 39. Kg2 $11) 38. Kg2 Ne3+ (38... Qxh4 39. Qxg6+ Kg8 40. Qe8+ Kh7 41. Qg6+ Kg8 42. Qe8+ Kh7 43. Qg6+ $11) 39. Kg1 Qxe6 (39... Qxh4 $2 {perishes.} 40. Qxg6+ Kg8 41. Rc8+ Rd8 42. Rxd8+ Qxd8 43. Rxe3 $18) 40. Rxe6) 36... Bxe5+ {[%emt 0:00:16] Black mates.} 37. Kg2 Qxh4 38. Rc2 Qg3+ 39. Kf1 Rxd3 40. Rg2 Rf3+ 41. Kg1 {[%emt 0:00:01] [#]} Bd4+ $1 {[%emt 0:00:35] Weighted Error Value: White=0.53/Black=0.26 (precise) .  Loses game:     	White=3     	---        Missed win:     	---       	Black=1      Mistake:       	White=3     	---        Inaccurate:     	White=1     	Black=6      OK:         	White=10    	Black=10     Best:        	White=1     	Black=4      Brilliant:      	White=1     	---} 0-1

[Event "SixDays Budapest GM-C 09-2024"]
[Site "Budapest"]
[Date "2024.09.25"]
[Round "2.4"]
[White "Mayank Chakraborty"]
[Black "Gatineau, Yovann"]
[Result "1-0"]
[ECO "B12"]
[WhiteElo "2431"]
[BlackElo "2400"]
[Annotator "TA"]
[PlyCount "85"]
[EventDate "2024.09.24"]
[EventType "tourn"]
[EventCountry "HUN"]
[SourceTitle "playchess.com"]
[Source "ChessBase"]
[SourceQuality "1"]
[TimeControl "5400+30"]

1. e4 c6 2. d4 d5 3. f3 e6 4. Nc3 Bb4 5. Bd2 Ne7 6. h4 Nd7 7. Nce2 Bxd2+ 8. Qxd2 {[%emt 0:00:08] The position is equal.} O-O 9. h5 h6 10. O-O-O e5 11. dxe5 Nxe5 12. Qc3 ({Better is} 12. Nc3 $11) 12... Qc7 (12... Qd6 $1 $15) 13. exd5 $11 Rd8 (13... Nxd5 $2 {loses.} 14. Rxd5 Re8 15. Nh3 $18) 14. Nf4 Qd6 15. Re1 Nd7 16. Ngh3 cxd5 17. g4 (17. Qd4 $11) 17... d4 $15 18. Qd3 Nc6 19. Rg1 Nc5 20. Qa3 {[%emt 0:03:08] [#]} (20. Qd1 $17 {is a better defense.}) 20... b5 21. Bxb5 Rb8 22. Bxc6 Qxc6 23. Re5 Rb5 (23... Na4 $15 24. Nd3 Bd7 (24... Qxf3 25. Qxa4 Qxh3 26. Re8+ Rxe8 27. Qxe8+ Kh7 28. Qe4+ f5 29. Qxd4 $14)) 24. Kb1 $1 $11 Qb6 {[%emt 0:11:20] White must now prevent ...Ra5.} 25. Nd3 $1 Nxd3 26. Rxb5 Qxb5 27. Qxd3 Qb6 28. Re1 Ba6 $132 {[%emt 0:01:07][%mdl 2048] Black has counterplay} 29. Qd2 d3 {[%emt 0:00:40] ...dxc2+ would now be deadly.} 30. c3 Bb7 31. Re3 Qf6 32. Rxd3 Rxd3 33. Qxd3 Bxf3 {[%emt 0:00:21][%mdl 4096] Endgame. KQB-KQN} 34. Nf2 Bc6 (34... Qf4 $11) 35. Qe3 $1 $14 a5 36. b3 g6 ({Black should try} 36... Qd6 $14) 37. hxg6 $16 Qxg6+ 38. Kb2 f5 {[%emt 0:00:24] [#]} (38... Qf6 $16 39. Qd2 Kh7) 39. Qd3 $1 $18 Be4 40. Qd8+ Kh7 41. Qxa5 h5 $2 (41... Qe6 $18 42. Qc7+ Kg6) 42. Nxe4 hxg4 43. Ng3 {[%emt 0:00:34] Weighted Error Value: White=0.13 (very precise) /Black=0.41.  Mistake:       	White=3     	Black=7      Inaccurate:     	White=2     	Black=4      OK:         	White=13    	Black=13     Best:        	White=3     	---        Strong:       	White=4     	---} 1-0